Map: 匹昂台地

Players

jitovan - Winner!

  • Race: Protoss Protoss
  • League: Diamond

shengy

  • Race: Zerg Zerg
  • League: Platinum

VOD

Have the link to the VOD?

Description

Time

  • Played on: Jan. 3, 2016, 8:01 a.m.
  • Length: 22:36
Show
View Real Time Build Order
Export as new Build Order

jitovan Protoss - Winner!

Build Orders: Cannon Rush, Forge Fast Expand (FFE) 

Get SALT Encoding   

  12  0:01  Probe (Chrono Boost)  
  13  0:12  Probe (Chrono Boost)  
  14  0:22  Probe (Chrono Boost)  
  14  0:26  Pylon  
  15  0:34  Pylon  
  15  0:44  Probe (Chrono Boost)  
  15  0:48  Forge  
  16  0:55  Probe (Chrono Boost)  
  17  1:05  Probe (Chrono Boost)  
  18  1:17  Pylon  
  18  1:31  Nexus  
  18  1:41  Photon Cannon  
  18  1:52  Photon Cannon  
  18  1:59  Photon Cannon  
  17  2:21  Probe (Chrono Boost)  
  18  2:25  Gateway  
  18  2:32  Probe (Chrono Boost)  
  18  2:33  Pylon  
  19  2:37  Photon Cannon  
  19  2:42  Probe (Chrono Boost)  
  20  2:44  Probe (Chrono Boost)  
  21  2:53  Probe (Chrono Boost)  
  21  2:54  Assimilator  
  21  2:55  Probe (Chrono Boost), Assimilator  
  23  3:08  Photon Cannon  
  23  3:13  Probe (Chrono Boost), Zealot (Chrono Boost)  
  26  3:24  Cybernetics Core  
  26  3:28  Probe (Chrono Boost)  
  26  3:30  Probe (Chrono Boost)  
  28  3:42  Probe x2 (Chrono Boost)  
  30  3:53  Probe x2 (Chrono Boost)  
  32  4:01  Mothership Core (Chrono Boost)  
  32  4:02  Warp Gate (Chrono Boost)  
  32  4:03  Probe (Chrono Boost)  
  35  4:16  Pylon  
  35  4:18  Probe  
  35  4:20  Probe  
  37  4:30  Probe  
  37  4:31  Probe  
  38  4:38  Photon Cannon  
  39  4:39  Photon Cannon  
  39  4:40  Pylon  
  39  4:41  Probe  
  39  4:42  Probe  
  41  4:52  Probe  
  41  4:53  Photon Cannon  
  41  4:54  Probe  
  41  4:55  Pylon  
  41  4:59  Assimilator  
  43  5:02  Probe  
  43  5:06  Probe  
  45  5:13  Probe  
  45  5:18  Probe  
  45  5:23  Probe  
  45  5:27  Pylon  
  31  5:28  Pylon  
  31  5:31  Pylon  
  31  5:32  Gateway  
  31  5:40  Pylon  
  31  5:46  Gateway  
  31  6:04  Probe  
  31  6:15  Probe  
  31  6:27  Nexus  
  31  6:29  Pylon  
  31  6:37  Gateway  
  31  6:41  Pylon  
  31  6:50  Zealot  
  33  6:56  Adept  
  35  7:08  Forge  
  35  7:11  Gateway  
  35  7:12  Gateway  
  35  7:20  Twilight Council  
  35  7:26  Stalker  
  35  7:29  Adept  
  39  7:39  Probe  
  40  7:45  Adept  
  40  7:49  Probe  
  43  7:52  Resonating Glaives (Chrono Boost)  
  43  7:59  Nexus  
  43  8:00  Probe  
  44  8:11  Probe  
  45  8:18  Protoss Ground Weapons Level 1 (Chrono Boost)  
  45  8:23  Probe  
  45  8:24  Adept x2  
  50  8:29  Adept  
  52  8:36  Pylon, Probe  
  53  8:43  Pylon  
  53  8:48  Probe  
  54  9:00  Probe  
  55  9:03  Gateway  
  55  9:07  Gateway  
  55  9:10  Pylon  
  55  9:31  Adept x4  
  55  9:32  Adept  
  65  9:46  Photon Cannon  
  65  9:56  Blink  
  65  9:59  Adept x5  
  75  10:04  Probe  
  75  10:05  Probe  
  77  10:13  Protoss Ground Weapons Level 2 (Chrono Boost)  
  77  10:15  Probe  
  77  10:16  Probe  
  77  10:19  Sentry  
  77  10:20  Sentry x4  
  90  10:28  Probe  
  90  10:40  Probe  
  85  10:45  Robotics Facility  
  85  10:50  Dark Shrine  
  77  11:18  Nexus  
  76  11:35  Observer (Chrono Boost)  
  76  11:36  Nexus  
  77  11:47  Zealot  
  77  11:48  Zealot x2  
  83  11:54  Observer (Chrono Boost)  
  83  12:06  Dark Templar  
  85  12:12  Observer (Chrono Boost)  
  86  12:21  Assimilator  
  86  12:23  Pylon  
  86  12:25  Pylon  
  86  12:27  Pylon  
  86  12:38  Pylon  
  86  12:41  Pylon, Observer (Chrono Boost)  
  85  13:04  Probe x2  
  85  13:05  Probe  
  85  13:06  Probe  
  85  13:08  Stalker x2  
  85  13:09  Stalker x4  
  101  13:15  Probe x2  
  101  13:18  Probe x2  
  91  13:47  Stalker  
  91  13:48  Stalker x3  
  97  13:49  Stalker x2  
  102  14:05  Pylon  
  102  14:07  Pylon  
  84  14:32  Mothership Core  
  84  14:37  Probe  
  84  14:43  Stalker  
  84  14:44  Stalker x5  
  97  14:47  Probe  
  97  14:51  Probe  
  97  14:52  Warp Prism (Chrono Boost)  
  100  14:58  Probe  
  102  15:02  Probe  
  99  15:08  Probe  
  99  15:12  Probe  
  99  15:17  Dark Shrine  
  99  15:19  Probe  
  100  15:23  Observer (Chrono Boost), Probe, Stalker x6  
  103  16:03  Zealot x3  
  103  16:04  Zealot x2  
  80  16:36  Dark Templar x4  
  80  16:39  Observer (Chrono Boost)  
  81  16:54  Assimilator  
  81  16:58  Assimilator  
  79  17:08  Stalker x2  
  69  17:15  Nexus  
  69  17:17  Pylon  
  61  17:27  Dark Templar  
  63  17:31  Pylon  
  63  17:33  Pylon  
  63  17:37  Dark Templar  
  64  17:51  Stalker  
  66  18:21  Stalker x2  
  66  18:22  Stalker x2  
  68  18:37  Probe  
  68  18:39  Probe  
  70  18:44  Gateway  
  70  18:46  Gateway  
  70  18:48  Gateway, Probe  
  70  18:50  Probe  
  70  18:52  Warp Prism (Chrono Boost), Gateway x2  
  70  18:55  Gateway, Stalker x3  
  74  18:56  Stalker  
  74  18:58  Probe  
  74  19:00  Probe  
  84  19:09  Probe  
  84  19:11  Probe  
  86  19:19  Probe  
  86  19:21  Probe  
  88  19:27  Gateway  
  88  19:30  Gateway, Probe  
  83  19:34  Gateway  
  83  19:38  Observer (Chrono Boost)  
  84  19:40  Probe  
  85  19:56  Observer (Chrono Boost)  
  86  20:08  Dark Templar x4  
  92  20:37  Dark Templar  
  92  20:38  Dark Templar x2  
  86  21:04  Nexus  
  86  21:05  Pylon  
  86  21:06  Pylon  
  86  21:09  Pylon  
  86  21:10  Pylon  
  80  21:36  Cybernetics Core  
Show
View Real Time Build Order
Export as new Build Order

shengy Zerg 

Build Orders: Hatch First, Lurkers, Zergling Baneling 

Get SALT Encoding   

  12  0:01  Drone  
  13  0:10  Drone  
  14  0:18  Overlord  
  14  0:36  Drone x3  
  17  0:48  Drone  
  18  1:02  Hatchery, Drone  
  18  1:16  Extractor, Drone  
  18  1:22  Spawning Pool  
  18  1:24  Drone  
  18  1:33  Drone  
  18  2:34  Drone x2  
  20  2:40  Overlord  
  20  2:41  Queen  
  20  2:42  Zergling x4  
  24  3:06  Zergling x4  
  24  3:10  Baneling Nest  
  25  3:20  Overlord  
  25  3:22  Hatchery  
  24  3:35  Zergling x4  
  24  3:37  Metabolic Boost  
  26  3:49  Hatchery  
  25  4:07  Zergling x2  
  25  4:08  Zergling x6  
  29  4:18  Zergling x2  
  30  4:28  Overlord  
  30  4:29  Zergling x2  
  30  4:30  Zergling x2  
  31  4:48  Baneling  
  31  4:49  Baneling x8  
  31  4:50  Baneling x2  
  31  4:53  Zergling x4  
  31  4:54  Zergling x2  
  34  5:02  Zergling x6  
  37  5:12  Zergling x2  
  37  5:13  Zergling x4  
  34  5:30  Zergling x8  
  34  5:31  Zergling x2  
  38  5:37  Baneling x3  
  38  5:39  Baneling  
  38  5:47  Zergling x4  
  33  6:14  Drone x3  
  33  6:15  Drone x3  
  38  6:22  Zergling x2  
  38  6:23  Drone x2  
  39  6:34  Drone x2  
  39  6:38  Extractor  
  40  6:41  Drone  
  41  6:49  Lair  
  39  6:57  Drone x3  
  38  7:05  Drone x2  
  40  7:19  Overlord  
  40  7:20  Drone x2  
  40  7:21  Drone x2  
  40  7:22  Extractor  
  43  7:23  Extractor  
  40  7:47  Roach Warren  
  39  7:51  Hydralisk Den  
  39  7:53  Queen  
  40  8:03  Drone x7  
  47  8:20  Hydralisk x4  
  55  8:32  Lurker Den  
  55  8:37  Overlord x2  
  55  8:38  Zergling x2  
  55  8:39  Zergling x2  
  57  8:42  Hydralisk  
  57  9:04  Hydralisk x6  
  57  9:05  Hydralisk x2  
  73  9:30  Hydralisk x3  
  74  9:53  Overlord x2  
  74  9:54  Overlord  
  74  10:02  Zergling x2  
  75  10:14  Lurker x2  
  75  10:15  Lurker x3  
  75  10:16  Lurker x2  
  75  10:17  Lurker x2  
  84  10:23  Zergling x12  
  84  10:24  Zergling x10  
  83  10:56  Spire  
  82  11:08  Zergling x2  
  82  11:09  Zergling x16  
  91  11:23  Hatchery  
  84  12:12  Overlord  
  84  12:16  Mutalisk  
  84  12:17  Mutalisk x7  
  98  12:31  Overseer  
  98  12:33  Overseer  
  94  12:39  Drone  
  94  12:40  Drone x5  
  98  12:56  Spore Crawler  
  98  12:58  Spine Crawler  
  95  13:03  Overseer  
  73  13:43  Hydralisk  
  73  13:44  Hydralisk x15  
  75  14:32  Extractor x2  
  73  14:43  Lurker x2  
  73  14:44  Lurker x6  
  81  14:47  Zergling x2  
  81  14:48  Zergling x22  
  93  14:53  Overseer  
  93  15:00  Drone  
  93  15:01  Drone x2  
  93  15:05  Zergling x10  
  95  15:17  Zergling x6  
  97  15:36  Roach  
  100  15:42  Zergling x2  
  100  15:43  Zergling x12  
  100  15:54  Overlord x2  
  100  15:56  Queen  
  52  16:35  Hydralisk x12  
  71  17:03  Drone  
  63  17:25  Lurker  
  64  17:30  Drone  
  64  17:31  Drone x4  
  61  18:02  Overseer x3  
  55  18:06  Drone  
  48  18:46  Hydralisk  
  48  18:47  Hydralisk x3  
  56  18:50  Lurker  
  58  18:55  Lurker  
  58  19:02  Zergling x2  
  59  19:35  Hydralisk x2  
  59  19:36  Hydralisk  
  65  20:07  Hydralisk x3  
  65  20:08  Hydralisk  
  56  20:37  Zergling x2  
  55  21:30  Extractor  
Tags
 
Add a new tag
Caveats
  • Supply blocks, unpowered buildings, or Contaminate may cause inaccurate times.
  • Supply counts are checked every 10 seconds.